 Dungeon Crawl Stone Soup version 0.29-a0-643-ga013cefcf8 (webtiles) character file.

Game seed: 15666329231287992405

95 YayAnonymity the Ruffian (level 4, -2/40 HPs)
             Began as a Ghoul Monk on June 20, 2022.
             Slain by a gnoll
             ... wielding a +0 flail
              (9 damage)
             ... on level 1 of the Dungeon.
             The game lasted 00:03:22 (1929 turns).

YayAnonymity the Ruffian (Ghoul Monk)               Turns: 1929, Time: 00:03:22

Health: -2/40      AC: 10    Str: 14    XL:     4   Next: 65%
Magic:  3/3        EV: 11    Int:  5    God:
Gold:   96         SH:  0    Dex: 13    Spells: 3/3 levels left

rFire   . . .      SeeInvis .     - Unarmed
rCold   + . .      Faith    .   h - +0 buckler
rNeg    + + +      Spirit   .   e - +0 ring mail
rPois   ∞          Reflect  .   (no helmet)
rElec   .          Harm     .   g - +0 cloak
rCorr   .          Rampage  .   (no gloves)
Will    .....                   (no boots)
Stlth   ..........              (no amulet)
HPRegen 0.00/turn               a - +4 ring of protection
MPRegen 0.08/turn               (no ring)

@: confused, ambrosia-drunk, inhibited regen
A: claws 1, cold resistance 1, negative energy resistance 3, inhibited
regeneration, torment resistance 2, devour on kill
a: no special abilities


You were on level 1 of the Dungeon.
You visited 1 branch of the dungeon, and saw 2 of its levels.

You collected 96 gold pieces.

Inventory:

Armour
 e - a +0 ring mail (worn)
 g - a +0 cloak (worn)
 h - a +0 buckler (worn)
Jewellery
 a - a +4 ring of protection (left claw)
Scrolls
 d - 2 scrolls of fog {unknown}
 f - a scroll of blinking {unknown}
 l - a scroll of noise {unknown}
 m - 2 scrolls of teleportation {unknown}
 o - a scroll of identify {unknown}
 q - a scroll of vulnerability {unknown}
 t - a scroll of brand weapon {unknown}
 u - a scroll of torment {unknown}
 v - a scroll of silence {unknown}
 w - a scroll of immolation {unknown}
Potions
 c - a potion of degeneration {unknown}
 i - a potion of lignification {unknown}
 j - a potion of might {unknown}
 k - a potion of heal wounds {unknown}
 n - a potion of curing {unknown}
 p - a potion of flight {unknown}
 r - a potion of cancellation {unknown}
 s - a potion of brilliance {unknown}


   Skills:
 + Level 3.9 Fighting
 + Level 1.4 Armour
 + Level 3.2 Dodging
 - Level 2.1 Stealth
 + Level 1.1 Shields
 + Level 3.9 Unarmed Combat


You had 3 spell levels left.
You didn't know any spells.
Your spell library contained the following spells:

 Spells                   Type           Power      Damage    Failure   Level
 Gell's Gravitas          Tloc           0%         N/A       99%         3
 Teleport Other           Tloc           0%         N/A       99%         3
 Dispersal                Tloc           0%         N/A       100%        6


Dungeon Overview and Level Annotations

Branches:
Dungeon (2/15)

Altars:


Innate Abilities, Weirdness & Mutations

You are immune to poison.
You have sharp fingernails.
Your flesh is cold resistant. (rC+)
You are immune to negative energy. (rN+++)
You do not regenerate when monsters are visible.
You are immune to unholy pain and torment.
You thrive by killing the living.


Message History

The gnoll closely misses you.
You climb upwards.
There is a stone staircase leading down here.
You closely miss the gnoll. The gnoll hits you with a +0 flail. x2
The hobgoblin barely misses you. The gnoll hits you with a +0 club.
You completely miss the gnoll. You block the gnoll's attack.
The gnoll barely misses you. The hobgoblin hits you.
The gnoll hits you but does no damage.
You are too injured to fight recklessly!
The gnoll barely misses you. The hobgoblin hits you.
The gnoll hits you but does no damage.
The hobgoblin hits you but does no damage.
The hobgoblin attacks as you move away! You block the hobgoblin's attack.
The gnoll hits you but does no damage.
There is an open door here.
The hobgoblin attacks as you move away!
The hobgoblin hits you but does no damage.
You barely miss the gnoll. The gnoll barely misses you.
You closely miss the gnoll. The gnoll hits you with a +0 flail. x2
* * * LOW HITPOINT WARNING * * *
You scratch the gnoll.
The gnoll is moderately wounded.
You barely miss the gnoll.
The gnoll is moderately wounded.
The gnoll hits you but does no damage.
You closely miss the gnoll.
The gnoll is moderately wounded.
You block the gnoll's attack. The gnoll barely misses you.
You barely miss the gnoll.
The gnoll is moderately wounded.
You scratch the gnoll but do no damage.
The gnoll is moderately wounded.
You block the gnoll's attack.
You closely miss the gnoll.
The gnoll is moderately wounded.
The gnoll hits you with a +0 flail.
* * * LOW HITPOINT WARNING * * *
You are confused.
You feel invigorated. The gnoll hits you with a +0 flail!
You die...

# # # # # # ###########
# #.........#
######......).g########
...........>..gg@.....#
..............g######.#
...............# #.#
.........).....# #.#
#..............# #.#
...............# #.#
......########## #.#
......# ###########.#
......# #...........#


You could see 3 gnolls and a hobgoblin.

Vanquished Creatures
  An adder (D:2)
  4 gnolls
  A worm (D:2)
  A dart slug (D:2)
  3 ball pythons (D:1)
  2 bats (D:2)
  4 endoplasms (D:1)
  4 giant cockroaches
  3 goblins (D:1)
  4 hobgoblins
  3 jackals (D:1)
  5 kobolds (D:2)
  A frilled lizard (D:2)
  5 rats
41 creatures vanquished.

Notes
Turn   | Place    | Note
-------+----------+-------------------------------------------
     0 | D:1      | YayAnonymity the Ghoul Monk began the quest for the Orb.
     0 | D:1      | Reached XP level 1. HP: 19/19 MP: 0/0
   257 | D:1      | Reached XP level 2. HP: 24/26 MP: 1/1
   395 | D:1      | Found a faded altar of an unknown god.
   849 | D:1      | Reached XP level 3. HP: 28/31 MP: 2/2
  1019 | D:2      | Reached skill level 1 in Armour
  1203 | D:2      | Reached XP level 4. HP: 14/40 MP: 3/3
  1209 | D:2      | Reached skill level 1 in Shields
  1928 | D:1      | HP: 2/40 [gnoll/+0 flail (5)]
  1929 | D:1      | Slain by a gnoll

Illustrated notes

Levels and vault maps discovered:
D:1:      nzn_arrival_settlement, layout_basic,
          hellmonk_ecumenical_altar_heavens_door, minmay_distorted
D:2:      layout_rooms, minmay_heptomino_o4

Skill      XL: |  1  2  3  4 |
---------------+-------------+-----
Armour         | 1 |  1.4
Dodging        | 3 |  3.2
Shields        | 1 |  1.1
Fighting       | |  3.9
Stealth        | |  2.1
Unarmed Combat | |  3.9

Action                   |  1- 3 |  4- 6 || total
-------------------------+-------+-------++-------
Melee: Unarmed           |    97 |    62 ||   159
       Punch             |     1 |       ||     1
  Use: Potion            |       |     1 ||     1
 Stab: Sleeping          |     5 |       ||     5
Armor: Ring mail         |    35 |    19 ||    54
       Robe              |     1 |       ||     1
Dodge: Dodged            |    47 |    29 ||    76
Block: Buckler           |    10 |    12 ||    22

Table legend: (Time is in decaauts)
 A = Elapsed time spent in this place.
 B = Non-inter-level travel time spent in this place.
 C = Inter-level travel time spent in this place.
 D = Time resting spent in this place.
 E = Time spent auto-exploring this place.
 F = Levels seen in this place.
 G = Mean time per level.
                   A        B        C        D        E       F      G
               +--------+--------+--------+--------+--------+-----+--------+
         Total |   1926 |   1897 |     29 |    370 |   1113 |   2 |  963.0 |
       Dungeon |   1926 |   1897 |     29 |    370 |   1113 |   2 |  963.0 |
               +--------+--------+--------+--------+--------+-----+--------+

Top non-repeatable levels by time:
     D:1: 1355 daAuts
     D:2: 571 daAuts
